 Dungeon Crawl Stone Soup version 0.30-a0-358-g0d69a1922f (webtiles) character file.

Game seed: 10946114271591167548

61 Sweetruy1997 the Chopper (level 4, 0/41 HPs)
             Began as a Hill Orc Monk on Nov 10, 2022.
             Slain by an adder (2 damage)
             ... on level 2 of the Dungeon.
             The game lasted 00:02:49 (1018 turns).

Sweetruy1997 the Chopper (Hill Orc Monk)            Turns: 1018, Time: 00:02:49

Health: 0/41       AC:  3    Str: 10 (13) XL:     4   Next: 7%
Magic:  4/4        EV: 12    Int:  7 (10) God:
Gold:   116        SH:  0    Dex: 12 (15) Spells: 3/3 levels left

rFire   x . .      SeeInvis +    a - +0 hand axe
rCold   + . .      Faith    .    (no shield)
rNeg    . . .      Spirit   .    b - +0 robe
rPois   .          Reflect  .    (no helmet)
rElec   .          Harm     .    (no cloak)
rCorr   .          Rampage  .    c - +0 pair of gloves
Will    .....                    (no boots)
Stlth   ++........               (no amulet)
HPRegen 0.26/turn                e - ring of ice
MPRegen 0.09/turn                j - ring of see invisible

@: hasted, very quick
A: no striking features
a: no special abilities


You were on level 2 of the Dungeon.
You visited 1 branch of the dungeon, and saw 2 of its levels.

You collected 116 gold pieces.

Inventory:

Hand Weapons
 a - a +0 hand axe (weapon)
Armour
 b - a +0 robe (worn)
 c - a +0 pair of gloves (worn)
Jewellery
 e - a ring of ice (left hand)
 g - a ring of wizardry
 j - a ring of see invisible (right hand)
Scrolls
 d - a scroll of magic mapping {unknown}
 i - a scroll of identify {unknown}
Potions
 h - a potion of haste


   Skills:
 + Level 4.4 Fighting
 + Level 5.0 Axes
 + Level 2.8 Dodging
 + Level 1.8 Stealth


You had 3 spell levels left.
You didn't know any spells.
Your spell library contained the following spells:

 Spells                   Type           Power      Damage    Failure   Level
 Anguish                  Hex/Necr       0%         N/A       99%         4
 Enfeeble                 Hex            0%         N/A       100%        7


Dungeon Overview and Level Annotations

Branches:
Dungeon (2/15)

Altars:


Message History

You miss the adder.
You feel sick. The adder bites you but does no damage. The adder bites you.
* * * LOW HITPOINT WARNING * * *
The adder bites you.
* * * LOW HITPOINT WARNING * * *
It was a potion of haste.
You feel yourself speed up.
* * * LOW HITPOINT WARNING * * *
You feel sick. The adder misses you. The adder bites you but does no damage.
It was a potion of degeneration.
There was something very wrong with that liquid.
You feel weakened.
You feel dopey.
You feel clumsy. The adder closely misses you.
The adder bites you but does no damage.
You hit the adder but do no damage.
The adder is heavily wounded.
You hit the adder.
You kill the adder!
* * * LOW HITPOINT WARNING * * *
You feel sick. The adder closely misses you.
Your Axes skill increases to level 5!
You have reached level 4!
You miss the adder.
The adder is heavily wounded.
* * * LOW HITPOINT WARNING * * *
You feel sick.
You are no longer poisoned.
The adder completely misses you.
You closely miss the adder.
The adder is heavily wounded.
You hit the giant cockroach but do no damage.
The adder bites you but does no damage. The giant cockroach barely misses you.
You hit the adder.
The adder is severely wounded.
You hit the giant cockroach. The adder closely misses you.
The giant cockroach barely misses you.
You closely miss the adder.
The adder is severely wounded.
You hit the giant cockroach.
You kill the giant cockroach!
The adder bites you.
You die...

#... .. #.# ... ..
..###........ #..
........ .... ....
......# ... ..$.. ......
..######.!... ..##+####
..#......... ..##....#
#.#..†....#
#.#####.#####.#)@.....#
....#...........S.......
♣................>......
♣.........♣♣..♣###......
♣##.##....♣♣~P♣ ...... #
#.##....♣~.P♣ ......
....#...♣♣♣P~♣♣ .....
...##.♣♣♣ ♣♣~P ..... ...
#. ...


You could see an adder.

Vanquished Creatures
  A gnoll (D:1)
  3 adders (D:2)
  A worm (D:2)
  A dart slug (D:1)
  3 ball pythons
  A bat (D:1)
  2 endoplasms
  3 giant cockroaches (D:2)
  2 goblins
  A hobgoblin (D:1)
  3 kobolds (D:1)
21 creatures vanquished.

Vanquished Creatures (others)
  2 fungi (D:2)
  7 plants (D:2)
9 creatures vanquished.

Grand Total: 30 creatures vanquished

Notes
Turn   | Place    | Note
-------+----------+-------------------------------------------
     0 | D:1      | Sweetruy1997 the Hill Orc Monk began the quest for the Orb.
     0 | D:1      | Reached XP level 1. HP: 19/19 MP: 1/1
   155 | D:1      | Reached XP level 2. HP: 19/27 MP: 2/2
   617 | D:1      | Reached XP level 3. HP: 33/33 MP: 3/3
  1015 | D:2      | Reached skill level 5 in Axes
  1015 | D:2      | Reached XP level 4. HP: 2/41 MP: 4/4
  1015 | D:2      | HP: 1/41 [poisoned by an adder]
  1018 | D:2      | Slain by an adder

Illustrated notes

Levels and vault maps discovered:
D:1:      scummos_arrival_simple_crosswalls, layout_basic,
          kennysheep_decorative_pillar
D:2:      layout_basic, basic_altar, serial_bayou, serial_bayou_shore_b,
          serial_bayou_pond_d, serial_bayou_crossing, serial_bayou_shore_b,
          serial_bayou_shore_b, serial_bayou_lake_a,
          dreamdust_ecumenical_altar_grove, chequers_serial_rivers_small_b

Skill      XL: |  1  2  3 |
---------------+----------+-----
Fighting       | 4 |  4.4
Axes           | 5 |  5.0
Dodging        | |  2.8
Stealth        | |  1.8

Action                   |  1- 3 |  4- 6 || total
-------------------------+-------+-------++-------
Melee: Hand axe          |   100 |     4 ||   104
       Punch             |     1 |       ||     1
  Use: Potion            |     3 |       ||     3
 Stab: Sleeping          |     2 |       ||     2
Armor: Robe              |    33 |     1 ||    34
Dodge: Dodged            |   103 |     4 ||   107

Table legend: (Time is in decaauts)
 A = Elapsed time spent in this place.
 B = Non-inter-level travel time spent in this place.
 C = Inter-level travel time spent in this place.
 D = Time resting spent in this place.
 E = Time spent auto-exploring this place.
 F = Levels seen in this place.
 G = Mean time per level.
                   A        B        C        D        E       F      G
               +--------+--------+--------+--------+--------+-----+--------+
         Total |   1045 |    993 |     52 |      0 |    756 |   2 |  522.5 |
       Dungeon |   1045 |    993 |     52 |      0 |    756 |   2 |  522.5 |
               +--------+--------+--------+--------+--------+-----+--------+

Top non-repeatable levels by time:
     D:1: 765 daAuts
     D:2: 279 daAuts
